[ PARTIDA AOE2 · #495941461 ]
UnrankedAztecas vs Mongols
Equipo del jugador · DERR
Equipo rival · VICT
[ ANÁLISIS DE REPETICIÓN · EXTRAÍDO DE LA PARTIDA GRABADA ]
Feudal
10:08
Castillos
24:22
Imperial
—
| APM promedio | 33.9 |
| APM pico | 64 |
| eAPM promedio | 17.9 |
| Aldeanos / militares | 118 / 66 |
Foco
⚔️ 24.4% · 🌾 75.6%
Eagle Scout ×30 · Skirmisher ×24 · Spearman ×12
Feudal
8:35
Castillos
20:42
Imperial
—
| APM promedio | 26.9 |
| APM pico | 59 |
| eAPM promedio | 13.2 |
| Aldeanos / militares | 86 / 102 |
Foco
⚔️ 22.7% · 🌾 77.3%
Cavalry Archer ×74 · Knight ×15 · Mangonel ×7 · Scout Cavalry ×4 · Monk ×2
Mapa de la partida
Recursos iniciales + cada clic de construcción. Líneas = muros · curvas = relieve. ◆ oro · ⬟ piedra · ● bayas · ✦ reliquia · ◌ hueco del cierre
Tu base· Abierta — flanco sin cerrar
Base de EGIRR· Abierta — hueco de 4t
Terreno inicial suavizado · ◌ = hueco del cierre detectado · pasá el cursor para detalles
Inputs por minuto
— wormbabey - - EGIRR
Build order — wormbabey
Primeras 150 de 266 acciones detectadas
| 0:01 | Encolar | Villager (Male) |
| 0:01 | Encolar | Villager (Male) |
| 0:01 | Encolar | Villager (Male) |
| 0:03 | Construir | House |
| 0:04 | Construir | House |
| 0:11 | Encolar | Villager (Male) |
| 0:11 | Encolar | Villager (Male) |
| 1:35 | Encolar | Villager (Male) |
| 1:35 | Encolar | Villager (Male) |
| 1:48 | Construir | Lumber Camp |
| 2:10 | Encolar | Villager (Male) |
| 2:11 | Encolar | Villager (Male) |
| 2:11 | Encolar | Villager (Male) |
| 3:02 | Encolar | Villager (Male) |
| 3:09 | Construir | House |
| 3:13 | Encolar | Villager (Male) |
| 3:14 | Encolar | Villager (Male) |
| 3:55 | Encolar | Villager (Male) |
| 3:55 | Encolar | Villager (Male) |
| 4:02 | Construir | Palisade Wall |
| 4:10 | Construir | Mill |
| 4:11 | Encolar | Villager (Male) |
| 4:11 | Encolar | Villager (Male) |
| 5:08 | Encolar | Villager (Male) |
| 5:08 | Encolar | Villager (Male) |
| 5:34 | Encolar | Villager (Male) |
| 5:34 | Encolar | Villager (Male) |
| 5:59 | Encolar | Villager (Male) |
| 6:00 | Encolar | Villager (Male) |
| 6:19 | Encolar | Villager (Male) |
| 6:19 | Encolar | Villager (Male) |
| 6:20 | Encolar | Villager (Male) |
| 7:00 | Investigar | Loom |
| 7:21 | Encolar | Villager (Male) |
| 7:22 | Encolar | Villager (Male) |
| 7:22 | Encolar | Villager (Male) |
| 7:58 | Investigar | Feudal Age |
| 8:18 | Construir | Barracks |
| 8:28 | Construir | House |
| 8:41 | Encolar | Villager (Male) |
| 8:41 | Encolar | Villager (Male) |
| 8:52 | Construir | Mining Camp |
| 9:18 | Construir | House |
| 9:23 | Construir | Palisade Wall |
| 9:27 | Construir | Palisade Wall |
| 9:34 | Encolar | Villager (Male) |
| 9:34 | Encolar | Villager (Male) |
| 9:47 | Construir | Palisade Wall |
| 9:48 | Encolar | Villager (Male) |
| 9:49 | Encolar | Villager (Male) |
| 10:08 | Edad | Edad Feudal |
| 10:34 | Encolar | Eagle Scout |
| 10:34 | Encolar | Eagle Scout |
| 10:36 | Encolar | Villager (Male) |
| 10:36 | Encolar | Villager (Male) |
| 10:43 | Construir | Farm |
| 10:57 | Encolar | Villager (Male) |
| 10:57 | Encolar | Villager (Male) |
| 11:37 | Construir | House |
| 11:39 | Construir | House |
| 11:43 | Encolar | Villager (Male) |
| 11:44 | Encolar | Villager (Male) |
| 11:50 | Construir | Farm |
| 11:55 | Construir | House |
| 12:12 | Construir | Blacksmith |
| 12:34 | Encolar | Villager (Male) |
| 12:35 | Encolar | Villager (Male) |
| 12:47 | Encolar | Spearman |
| 12:47 | Encolar | Spearman |
| 12:51 | Construir | Watch Tower |
| 13:06 | Encolar | Eagle Scout |
| 13:06 | Encolar | Eagle Scout |
| 14:00 | Encolar | Villager (Male) |
| 14:01 | Encolar | Villager (Male) |
| 14:05 | Construir | Farm |
| 14:10 | Construir | Farm |
| 14:13 | Construir | Farm |
| 14:14 | Encolar | Villager (Male) |
| 14:14 | Encolar | Villager (Male) |
| 14:38 | Encolar | Villager (Male) |
| 14:38 | Encolar | Villager (Male) |
| 15:02 | Construir | Farm |
| 15:22 | Encolar | Villager (Male) |
| 15:22 | Encolar | Villager (Male) |
| 15:30 | Encolar | Villager (Male) |
| 15:31 | Encolar | Villager (Male) |
| 15:47 | Encolar | Villager (Male) |
| 15:48 | Encolar | Eagle Scout |
| 15:49 | Encolar | Eagle Scout |
| 15:53 | Encolar | Villager (Male) |
| 16:06 | Construir | Market |
| 16:36 | Encolar | Eagle Scout |
| 16:36 | Encolar | Eagle Scout |
| 16:38 | Encolar | Villager (Male) |
| 16:38 | Encolar | Villager (Male) |
| 16:47 | Construir | Palisade Gate |
| 16:52 | Encolar | Villager (Male) |
| 16:52 | Encolar | Villager (Male) |
| 17:00 | Encolar | Eagle Scout |
| 17:00 | Encolar | Eagle Scout |
| 17:17 | Construir | Farm |
| 17:17 | Construir | Farm |
| 17:18 | Construir | Farm |
| 17:27 | Encolar | Villager (Male) |
| 17:27 | Encolar | Villager (Male) |
| 17:55 | Construir | Farm |
| 17:55 | Construir | Farm |
| 17:55 | Construir | Farm |
| 17:57 | Construir | Farm |
| 17:57 | Encolar | Villager (Male) |
| 17:58 | Encolar | Villager (Male) |
| 18:09 | Construir | Farm |
| 18:09 | Construir | Farm |
| 18:10 | Encolar | Villager (Male) |
| 18:10 | Encolar | Villager (Male) |
| 18:22 | Encolar | Villager (Male) |
| 18:22 | Encolar | Villager (Male) |
| 18:43 | Encolar | Villager (Male) |
| 18:43 | Encolar | Villager (Male) |
| 18:46 | Construir | Farm |
| 18:48 | Construir | House |
| 19:06 | Construir | House |
| 19:08 | Construir | Palisade Wall |
| 20:27 | Construir | Lumber Camp |
| 20:45 | Encolar | Villager (Male) |
| 21:30 | Encolar | Villager (Male) |
| 21:30 | Encolar | Villager (Male) |
| 21:41 | Investigar | Castle Age |
| 21:43 | Encolar | Villager (Male) |
| 21:44 | Encolar | Villager (Male) |
| 22:11 | Construir | Mining Camp |
| 22:21 | Investigar | Scale Mail Armor |
| 22:22 | Investigar | Forging |
| 22:38 | Encolar | Eagle Scout |
| 22:38 | Encolar | Spearman |
| 22:38 | Encolar | Eagle Scout |
| 22:39 | Encolar | Spearman |
| 22:59 | Encolar | Villager (Male) |
| 23:00 | Encolar | Villager (Male) |
| 23:03 | Encolar | Eagle Scout |
| 23:04 | Encolar | Eagle Scout |
| 23:04 | Encolar | Spearman |
| 23:08 | Encolar | Spearman |
| 23:24 | Encolar | Spearman |
| 24:14 | Construir | House |
| 24:17 | Construir | House |
| 24:22 | Edad | Edad de los Castillos |
| 24:25 | Encolar | Villager (Male) |
| 24:25 | Encolar | Villager (Male) |
| 24:28 | Construir | Town Center |
Build order — EGIRR
Primeras 150 de 209 acciones detectadas
| 0:02 | Encolar | Villager (Male) |
| 0:02 | Encolar | Villager (Male) |
| 0:03 | Encolar | Villager (Male) |
| 0:04 | Construir | House |
| 0:07 | Construir | House |
| 1:08 | Encolar | Villager (Male) |
| 1:08 | Encolar | Villager (Male) |
| 1:31 | Encolar | Villager (Male) |
| 1:31 | Encolar | Villager (Male) |
| 2:02 | Encolar | Villager (Male) |
| 2:02 | Encolar | Villager (Male) |
| 2:17 | Encolar | Villager (Male) |
| 2:17 | Encolar | Villager (Male) |
| 2:27 | Construir | Lumber Camp |
| 2:58 | Encolar | Villager (Male) |
| 2:58 | Encolar | Villager (Male) |
| 3:59 | Encolar | Villager (Male) |
| 3:59 | Encolar | Villager (Male) |
| 4:10 | Construir | House |
| 5:10 | Encolar | Villager (Male) |
| 5:10 | Encolar | Villager (Male) |
| 5:19 | Construir | Mill |
| 5:22 | Encolar | Villager (Male) |
| 5:23 | Encolar | Villager (Male) |
| 5:51 | Encolar | Villager (Male) |
| 5:51 | Encolar | Villager (Male) |
| 6:16 | Investigar | Loom |
| 6:19 | Investigar | Feudal Age |
| 6:20 | Investigar | Loom |
| 7:23 | Encolar | Villager (Male) |
| 7:23 | Encolar | Villager (Male) |
| 7:55 | Construir | Barracks |
| 8:09 | Construir | House |
| 8:35 | Edad | Edad Feudal |
| 8:51 | Encolar | Villager (Male) |
| 8:52 | Encolar | Villager (Male) |
| 8:54 | Construir | Stable |
| 9:43 | Encolar | Scout Cavalry |
| 9:43 | Encolar | Scout Cavalry |
| 9:43 | Encolar | Scout Cavalry |
| 9:44 | Encolar | Scout Cavalry |
| 10:15 | Construir | Palisade Gate |
| 10:26 | Encolar | Villager (Male) |
| 10:26 | Encolar | Villager (Male) |
| 10:33 | Construir | Palisade Wall |
| 10:39 | Construir | Palisade Wall |
| 10:45 | Construir | Palisade Wall |
| 10:50 | Construir | House |
| 10:53 | Construir | House |
| 10:57 | Construir | Palisade Wall |
| 11:32 | Encolar | Villager (Male) |
| 11:36 | Construir | Farm |
| 11:37 | Construir | Farm |
| 11:37 | Construir | Farm |
| 11:37 | Construir | Farm |
| 11:37 | Construir | Farm |
| 11:38 | Construir | Farm |
| 11:40 | Construir | Farm |
| 11:46 | Investigar | Double-Bit Axe |
| 12:00 | Construir | Farm |
| 12:11 | Encolar | Villager (Male) |
| 12:11 | Encolar | Villager (Male) |
| 12:43 | Encolar | Villager (Male) |
| 12:43 | Encolar | Villager (Male) |
| 12:43 | Encolar | Villager (Male) |
| 12:54 | Construir | House |
| 12:56 | Construir | House |
| 13:04 | Encolar | Villager (Male) |
| 13:04 | Encolar | Villager (Male) |
| 13:53 | Encolar | Villager (Male) |
| 13:53 | Encolar | Villager (Male) |
| 14:01 | Construir | Mining Camp |
| 14:16 | Construir | Farm |
| 14:17 | Construir | Farm |
| 14:17 | Construir | Farm |
| 14:17 | Construir | Farm |
| 14:18 | Construir | Farm |
| 14:18 | Construir | Farm |
| 14:29 | Construir | Farm |
| 14:30 | Encolar | Villager (Male) |
| 14:31 | Encolar | Villager (Male) |
| 15:00 | Construir | Farm |
| 15:01 | Encolar | Villager (Male) |
| 15:53 | Construir | Blacksmith |
| 15:58 | Encolar | Villager (Male) |
| 16:55 | Encolar | Villager (Male) |
| 17:39 | Construir | Archery Range |
| 18:02 | Investigar | Castle Age |
| 18:30 | Investigar | Gold Mining |
| 19:01 | Encolar | Villager (Male) |
| 19:01 | Encolar | Villager (Male) |
| 19:02 | Encolar | Villager (Male) |
| 20:30 | Construir | Archery Range |
| 20:42 | Edad | Edad de los Castillos |
| 20:47 | Encolar | Cavalry Archer |
| 20:48 | Encolar | Cavalry Archer |
| 20:48 | Encolar | Cavalry Archer |
| 20:48 | Encolar | Cavalry Archer |
| 20:56 | Investigar | Fletching |
| 21:01 | Encolar | Villager (Male) |
| 21:10 | Construir | Town Center |
| 21:13 | Investigar | Gold Shaft Mining |
| 21:19 | Construir | Farm |
| 21:26 | Construir | Farm |
| 21:47 | Construir | Farm |
| 21:48 | Encolar | Villager (Male) |
| 21:49 | Encolar | Villager (Male) |
| 21:52 | Construir | Farm |
| 22:09 | Encolar | Cavalry Archer ×5 |
| 22:10 | Encolar | Cavalry Archer ×5 |
| 22:10 | Encolar | Cavalry Archer ×5 |
| 22:18 | Encolar | Villager (Male) |
| 22:19 | Encolar | Villager (Male) |
| 22:20 | Encolar | Villager (Male) |
| 22:21 | Encolar | Villager (Male) |
| 22:21 | Encolar | Villager (Male) |
| 22:21 | Encolar | Villager (Male) |
| 22:21 | Encolar | Villager (Male) |
| 22:22 | Encolar | Villager (Male) |
| 22:52 | Construir | House |
| 22:55 | Construir | House |
| 23:14 | Construir | Lumber Camp |
| 23:18 | Encolar | Villager (Male) |
| 23:21 | Encolar | Cavalry Archer |
| 23:21 | Encolar | Cavalry Archer |
| 23:21 | Encolar | Cavalry Archer |
| 23:23 | Investigar | Bodkin Arrow |
| 23:44 | Construir | House |
| 23:47 | Construir | House |
| 23:49 | Construir | House |
| 23:51 | Construir | House |
| 24:41 | Construir | House |
| 24:49 | Construir | Palisade Gate |
| 24:52 | Construir | Palisade Wall |
| 24:54 | Construir | Palisade Wall |
| 25:00 | Encolar | Villager (Male) |
| 25:00 | Encolar | Villager (Male) |
| 25:00 | Encolar | Villager (Male) |
| 25:02 | Investigar | Town Watch |
| 25:04 | Encolar | Villager (Male) |
| 25:04 | Encolar | Villager (Male) |
| 25:04 | Encolar | Villager (Male) |
| 25:05 | Encolar | Villager (Male) |
| 25:06 | Encolar | Villager (Male) |
| 25:10 | Encolar | Cavalry Archer ×5 |
| 25:11 | Encolar | Cavalry Archer ×5 |
| 25:11 | Encolar | Cavalry Archer |
| 25:59 | Encolar | Villager (Male) |
| 25:59 | Encolar | Villager (Male) |
| 26:10 | Encolar | Villager (Male) |
Cronología de la partida
| 4:02 | wormbabey · wall_segment Palisade Wall x6 |
| 7:55 | EGIRR · first_building Barracks |
| 8:18 | wormbabey · first_building Barracks |
| 8:35 | EGIRR · age_up feudal |
| 8:54 | EGIRR · first_building Stable |
| 9:23 | wormbabey · wall_segment Palisade Wall x2 |
| 9:27 | wormbabey · wall_segment Palisade Wall x16 |
| 9:47 | wormbabey · wall_segment Palisade Wall x15 |
| 10:08 | wormbabey · age_up feudal |
| 10:33 | EGIRR · wall_segment Palisade Wall x5 |
| 10:39 | EGIRR · wall_segment Palisade Wall x14 |
| 10:45 | EGIRR · wall_segment Palisade Wall x12 |
| 10:57 | EGIRR · wall_segment Palisade Wall x1 |
| 17:39 | EGIRR · first_building Archery Range |
| 19:08 | wormbabey · wall_segment Palisade Wall x6 |
| 20:42 | EGIRR · age_up castle |
| 23:31 | wormbabey · first_market_buy 100 wood |
| 24:22 | wormbabey · age_up castle |
| 24:52 | EGIRR · wall_segment Palisade Wall x1 |
| 24:54 | EGIRR · wall_segment Palisade Wall x1 |
| 24:59 | wormbabey · first_market_sell 100 food |
| 25:55 | wormbabey · first_building Archery Range |
| 26:26 | EGIRR · first_building Siege Workshop |
| 28:03 | EGIRR · first_building Monastery |
| 32:09 | EGIRR · first_building Castle |
| 34:29 | wormbabey · resign |
[ ANÁLISIS IA · 1 CRÉDITO ]
¿Qué pasó realmente en esta partida?
Wolo.gg analiza cada decisión: build order, eco, micro, errores típicos por bracket. Análisis personalizado por WhatsApp o Discord en 30 segundos.
Guía civ
Aztecas
Perfil
Jugador #4746658